Map: [ESL] Radhuset Station

Players

Cham

  • Race: Zerg Zerg
  • League: Master
  • Spawn Location: 1:00

trigger - Winner!

  • Race: Protoss Protoss
  • League: Grandmaster
  • Spawn Location: 7:00

Event: IEM Katowice 2024

VOD

Have the link to the VOD?

Description

Time

  • Played on: Dec. 10, 2023, 8:49 p.m.
  • Length: 5:49

All games in this series

Show
View Real Time Build Order
Export as new Build Order

Cham Zerg 

Build Orders: Hatch First 

Get SALT Encoding   

  12  0:00  Drone  
  13  0:11  Overlord  
  13  0:27  Drone  
  14  0:31  Drone x2  
  16  0:50  Hatchery  
  16  0:54  Drone  
  16  0:58  Drone  
  16  1:01  Drone  
  18  1:14  Spawning Pool  
  18  1:17  Extractor  
  16  1:20  Drone  
  16  1:24  Drone  
  18  1:32  Drone  
  19  1:44  Drone  
  20  1:54  Overlord  
  20  2:02  Queen x2  
  20  2:03  Zergling x2  
  20  2:04  Zergling x2  
  26  2:13  Drone  
  26  2:14  Drone  
  28  2:19  Metabolic Boost  
  28  2:31  Drone x2  
  30  2:40  Drone  
  30  2:41  Drone  
  32  2:50  Hatchery  
  31  2:55  Queen  
  31  2:58  Drone  
  34  3:03  Overlord  
  35  3:05  Drone  
  35  3:07  Drone  
  36  3:19  Overlord  
  36  3:22  Zergling x2  
  36  3:23  Zergling x2  
  36  3:25  Lair  
  38  3:29  Drone x3  
  38  3:32  Drone  
  42  3:34  Drone  
  42  3:41  Queen  
  43  3:45  Drone  
  43  3:46  Spore Crawler  
  45  3:51  Overlord x2  
  46  3:56  Overlord  
  46  4:01  Overlord  
  46  4:04  Drone  
  46  4:05  Drone  
  46  4:08  Zergling x2  
  46  4:09  Zergling x2  
  50  4:10  Overlord  
  50  4:13  Zergling x4  
  52  4:24  Zergling x6  
  55  4:25  Nydus Network  
  55  4:27  Zergling x4  
  55  4:31  Zergling x4  
  57  4:35  Spore Crawler  
  57  4:36  Spore Crawler  
  55  4:39  Zergling x2  
  55  4:45  Overlord  
  56  4:48  Overlord  
  56  4:49  Zergling x2  
  57  4:54  Zergling x2  
  57  4:55  Zergling x6  
  57  4:56  Zergling x2  
  62  5:01  Nydus Canal  
  62  5:06  Zergling x2  
  62  5:07  Zergling x8  
  66  5:12  Zergling x4  
  67  5:18  Nydus Canal  
  65  5:23  Zergling x10  
  65  5:27  Zergling x6  
  72  5:30  Zergling x2  
Show
View Real Time Build Order
Export as new Build Order

trigger Protoss - Winner!

Build Orders: 1 Gate Expand 

Get SALT Encoding   

  12  0:00  Probe  
  13  0:12  Probe  
  14  0:19  Pylon  
  14  0:24  Probe  
  15  0:38  Probe (Chrono Boost)  
  15  0:41  Gateway  
  16  0:46  Probe (Chrono Boost)  
  16  0:47  Assimilator  
  17  0:52  Probe  
  19  1:04  Probe  
  19  1:16  Probe  
  20  1:24  Nexus  
  20  1:35  Cybernetics Core  
  20  1:37  Probe  
  21  1:46  Assimilator  
  21  1:49  Probe  
  21  1:53  Pylon  
  22  2:01  Probe (Chrono Boost)  
  23  2:12  Adept  
  23  2:13  Probe (Chrono Boost)  
  26  2:19  Probe (Chrono Boost)  
  26  2:20  Stargate  
  27  2:28  Warp Gate, Probe (Chrono Boost)  
  29  2:38  Probe (Chrono Boost)  
  29  2:39  Probe (Chrono Boost)  
  29  2:42  Adept  
  32  2:45  Probe (Chrono Boost)  
  32  2:47  Probe (Chrono Boost)  
  32  2:51  Probe  
  34  2:56  Probe  
  36  3:03  Probe  
  41  3:08  Void Ray (Chrono Boost)  
  41  3:09  Probe  
  42  3:14  Pylon  
  42  3:15  Probe  
  43  3:21  Probe  
  44  3:27  Probe  
  44  3:33  Probe  
  46  3:37  Gateway  
  46  3:40  Fleet Beacon  
  46  3:41  Probe  
  47  3:45  Assimilator  
  47  3:48  Probe  
  48  3:55  Probe  
  49  4:03  Nexus  
  49  4:05  Pylon  
  49  4:06  Probe  
  49  4:08  Probe  
  51  4:13  Assimilator  
  51  4:17  Stalker  
  53  4:18  Probe  
  53  4:22  Tempest (Chrono Boost)  
  55  4:27  Probe  
  60  4:33  Probe  
  60  4:34  Pylon  
  60  4:37  Shield Battery  
  61  4:39  Probe  
  62  4:47  Twilight Council  
  62  4:50  Forge  
  62  4:57  Tempest (Chrono Boost)  
  62  5:05  Adept  
  69  5:10  Shield Battery  
  69  5:15  Adept  
  69  5:27  Stalker  
  70  5:31  Probe  
  71  5:37  Gateway  

Tags
 
Add a new tag
Caveats
  • Supply blocks, unpowered buildings, or Contaminate may cause inaccurate times.
  • Supply counts are checked every 10 seconds.